 Dungeon Crawl Stone Soup version 0.23.0 (webtiles) character file.

Game seed: 2366761481315136432

29 luckybrn567 the Scratcher (level 3, -3/15 HPs)
             Began as a Felid Transmuter on Feb 17, 2019.
             Slain by a hobgoblin (4 damage)
             ... on level 1 of the Dungeon.
             The game lasted 00:06:43 (1494 turns).

luckybrn567 the Scratcher (Felid Transmuter)        Turns: 1494, Time: 00:06:43

Health: -3/15      AC:  1    Str:  6    XL:     3   Next: 1%
Magic:  5/7        EV: 18    Int: 14    God:
Gold:   30         SH:  0    Dex: 17    Spells: 3/6 levels left
                                        Lives:  0   Deaths: 0

rFire    . . .     SeeInvis +     - Unarmed
rCold    . . .     Gourm    .   (shield unavailable)
rNeg     . . .     Faith    .   (armour unavailable)
rPois    .         Spirit   .   (helmet unavailable)
rElec    .         Reflect  .   (cloak unavailable)
rCorr    .         Harm     .   (gloves unavailable)
MR       .....                  (boots unavailable)
Stlth    ++........             (no amulet)
HPRegen  0.05/turn              (no ring)
MPRegen  0.10/turn              (no ring)

@: appendage, quick
A: very small, no armour, no weapons or thrown items, stealth, claws 1, fangs 3,
horns 2, see invisible, carnivore, speed 1, shaggy fur 1, slow metabolism 1,
sharp paws
a: End Transformation


You were on level 1 of the Dungeon.
You were hungry.
You had grown temporary horns.
You visited 1 branch of the dungeon, and saw 1 of its levels.

You collected 30 gold pieces.

Inventory:

Missiles
 a - 29 arrows
 d - 31 bolts
Scrolls
 b - a scroll of teleportation {unknown}
Potions
 e - a potion of degeneration {unknown}
Comestibles
 c - a ration


   Skills:
 + Level 1.0 Fighting
 + Level 3.3 Dodging
 + Level 0.4 Stealth
 + Level 3.5 Unarmed Combat
 + Level 2.1 Spellcasting
 + Level 2.5 Transmutations


You had 3 spell levels left.
You knew the following spells:

 Your Spells              Type           Power        Failure   Level  Hunger
a - Beastly Appendage     Tmut           #.....       9%          1    ##.....
b - Sticks to Snakes      Tmut           #.......     13%         2    ###....

Your spell library contained the following spells:

 Spells                   Type           Power        Failure   Level  Hunger
 Spider Form              Tmut/Pois      #.........   38%         3    ####...
 Ice Form                 Ice/Tmut       #.......     80%         4    #####..
 Blade Hands              Tmut           #.........   93%         5    ######.


Dungeon Overview and Level Annotations

Branches:
Dungeon (1/15)

Altars:


Innate Abilities, Weirdness & Mutations

You cannot wear armour.
You are incapable of wielding weapons or throwing items.
Your paws allow you to move quietly. (Stealth)
You have sharp claws.
You have razor-sharp teeth.
You have supernaturally acute eyesight. (SInv)
You are carnivorous and can eat meat at any time.
You cover ground quickly.
You are covered in fur. (AC +1)
You have a slow metabolism.
Your sharp claws are effective at attacking unaware monsters.
You have a pair of horns on your head.


Message History

You scratch the hobgoblin.
You kill the hobgoblin!
You have reached level 3!
Your experience leads to an increase in your attributes!
Increase (S)trength, (I)ntelligence, or (D)exterity?
You feel agile. The bat hits you. The hobgoblin closely misses you.
You scratch the hobgoblin.
The hobgoblin is almost dead.
The bat closely misses you. The hobgoblin closely misses you.
You scratch the hobgoblin but do no damage.
The hobgoblin is almost dead.
The bat barely misses you. The hobgoblin hits you.
* * * LOW HITPOINT WARNING * * *
Casting: Beastly Appendage (safe; 9% risk of failure)
Confirm with . or Enter, or press ? or * to list all spells.
You extend your transformation's duration.
The bat completely misses you. The hobgoblin completely misses you.
The bat misses you. The hobgoblin hits you.
You die...

...#
#..........#
...#
########>#.####
...# #.#....#
#### #.#....#
##'#....#
#.......#
#.......#
#.......#
####...@...###
#).....gb.....#
#.###...)...#.#
#.#.#.#.#
...........
#.#.#.#.#.#.#
....>........#
[#.#.#.#.# #.#
.. .. .. .#


You could see a hobgoblin and a bat.

Vanquished Creatures
  A dart slug (D:1)
  3 leopard geckos (D:1)
  2 bats (D:1)
  2 giant cockroaches (D:1)
  2 goblins (D:1)
  3 hobgoblins (D:1)
  3 kobolds (D:1)
  2 rats (D:1)
18 creatures vanquished.

Vanquished Creatures (collateral kills)
  2 goblins (D:1)
  A hobgoblin (D:1)
  A kobold (D:1)
  A rat (D:1)
5 creatures vanquished.

Grand Total: 23 creatures vanquished

Notes
Turn   | Place    | Note
-------+----------+-------------------------------------------
     0 | D:1      | luckybrn567 the Felid Transmuter began the quest for the
                  | Orb.
     0 | D:1      | Reached XP level 1. HP: 9/9 MP: 4/4
   601 | D:1      | Reached XP level 2. HP: 12/12 MP: 4/6
   605 | D:1      | Learned a level 2 spell: Sticks to Snakes
  1490 | D:1      | Reached XP level 3. HP: 7/15 MP: 5/7
  1494 | D:1      | Slain by a hobgoblin

Skill      XL: |  1  2 |
---------------+-------+-----
Dodging        | 3 |  3.3
Fighting       | |  1.0
Stealth        | |  0.4
Unarmed Combat | |  3.5
Spellcasting   | |  2.1
Transmutations | |  2.5

Action                   || total
-------------------------++-------
Melee: Unarmed           ||    61
       Headbutt          ||     5
       Punch             ||     1
       Bite              ||     1
 Cast: Beastly Appendage ||    11
       Sticks to Snakes  ||     4
  Use: Scroll            ||     1
Armor: Skin              ||     6
Dodge: Dodged            ||    72
